 Dungeon Crawl Stone Soup version 0.26-a0-651-gb41185065b (webtiles) character file.

Game seed: 9646219961475338761

6179 Ozzies the Fighter (level 10, -3/100 HPs)
             Began as a Deep Dwarf Fighter on Oct 6, 2020.
             Was a Priest of Makhleb.
             Slain by a cyan ugly thing (12 damage)
             ... on level 10 of the Dungeon.
             The game lasted 00:15:57 (6663 turns).

Ozzies the Fighter (Deep Dwarf Fighter)             Turns: 6663, Time: 00:15:58

Health: -3/100     AC: 16    Str: 23    XL:     10   Next: 60%
Magic:  6/6        EV:  6    Int:  9    God:    Makhleb [***...]
Gold:   592        SH: 10    Dex: 12    Spells: 9/9 levels left

rFire    . . .     SeeInvis .   C - +7 spear (freeze)
rCold    + . .     Faith    .   M - +0 kite shield
rNeg     . . .     Spirit   .   t - +0 plate armour
rPois    .         Reflect  .   s - +0 helmet
rElec    .         Harm     .   (no cloak)
rCorr    .         Rampage  .   z - +1 pair of gloves
MR       ++...                  (no boots)
Stlth    ..........             (no amulet)
HPRegen  0.00/turn              p - ring of protection from magic
MPRegen  0.10/turn              E - ring of protection from cold

@: non-regenerating
A: damage resistance, heal wounds, sense surroundings 2, no regeneration
a: Heal Wounds, Minor Destruction, Lesser Servant of Makhleb, Renounce Religion


You were on level 10 of the Dungeon.
You worshipped Makhleb.
Makhleb was most pleased with you.
You visited 2 branches of the dungeon, and saw 11 of its levels.

You collected 592 gold pieces.

Inventory:

Hand Weapons
 a - a +0 war axe
 f - a +2 dagger of venom
 y - a +2 dagger of draining
 A - a +0 mace of protection
 C - a +7 spear of freezing (weapon)
 F - a +2 morningstar of draining
Missiles
 h - 357 stones (quivered)
 o - 203 sling bullets
Armour
 b - a +0 scale mail
 c - a +0 kite shield
 s - a +0 helmet (worn)
 t - a +0 plate armour (worn)
 z - a +1 pair of gloves (worn)
 K - a +0 pair of boots
 M - a +0 kite shield (worn)
Jewellery
 p - a ring of protection from magic (left hand)
 B - an uncursed ring of positive energy
 E - a ring of protection from cold (right hand)
Wands
 v - a wand of enslavement (9)
 G - a wand of random effects (26)
 J - a wand of iceblast (10)
 N - a wand of paralysis (10)
Scrolls
 e - 3 scrolls of fog {unknown}
 g - 7 scrolls of remove curse {@r2}
 i - 3 scrolls of enchant armour
 j - 3 scrolls of magic mapping {unknown}
 r - 4 scrolls of amnesia {unknown}
 x - 2 scrolls of teleportation {unknown}
 D - a scroll of immolation {unknown}
 O - a scroll of identify {@r1}
 Q - a scroll of blinking {unknown}
Potions
 d - 4 potions of might {@q3 !q}
 k - 2 potions of lignification {unknown}
 l - a potion of flight {unknown}
 m - 3 potions of heal wounds
 n - 2 potions of haste {@q4 !q}
 q - 2 potions of mutation
 u - 2 potions of curing
 w - a potion of degeneration {unknown}
 H - a potion of invisibility {unknown}
 I - 2 potions of brilliance {unknown}
 L - 4 potions of magic
 P - a potion of resistance {unknown}


   Skills:
 * Level 9.7 Fighting
 + Level 6.5(8.7) Axes
 - Level 8.2(9.1) Maces & Flails
 + Level 5.5 Armour
 - Level 4.0 Dodging
 + Level 5.5 Shields
 - Level 4.0 Invocations


You had 9 spell levels left.
You didn't know any spells.
Your spell library contained the following spells:

 Spells                   Type           Power        Failure   Level
 Animate Skeleton         Necr           #.....       100%        1
 Pain                     Necr           #...         100%        1
 Vampiric Draining        Necr           #.........   100%        3
 Animate Dead             Necr           #.........   100%        4
 Agony                    Necr           #.......     100%        5


Dungeon Overview and Level Annotations

Branches:
Dungeon (10/15)            Temple (1/1) D:6
   Lair: D:8-11         Orc: D:9-12

Altars:
Ashenzari
Cheibriados
Dithmenos
Elyvilon
Fedhas
Gozag
Hepliaklqana
Kikubaaqudgha
Makhleb
Nemelex Xobeh
Okawaru
Qazlal
Ru
Sif Muna
Trog
Uskayaw
Vehumet
Wu Jian
Xom
Yredelemnul
Zin
The Shining One

Shops:
D:6 :[   D:7 }   D:8 =   D:9 *

Annotations:
D:1 exclusion: downstairs
D:2 1 exclusion
D:7 exclusion: downstairs


Innate Abilities, Weirdness & Mutations

You are resistant to damage.
You can heal yourself by infusing magical energy.
You passively map the area around you.
You do not regenerate.


Message History

You climb downwards.
A hippogriff, an ugly thing and a troll come into view.
The cyan ugly thing gurgles horribly!
The hippogriff screeches!
Found a whip, 20 gold pieces and a small golden ring.
There is a stone staircase leading up here.
You reach to attack!
You puncture the hippogriff! You freeze the hippogriff.
The hippogriff is moderately wounded.
You hit the hippogriff. You freeze the hippogriff.
The hippogriff is heavily wounded.
The hippogriff bites you but does no damage.
The hippogriff pecks you.
The hippogriff claws you but does no damage.
You hit the hippogriff but do no damage.
The hippogriff is heavily wounded.
You block the hippogriff's attack.
The hippogriff pecks you but does no damage.
The hippogriff claws you but does no damage.
You hit the hippogriff. You freeze the hippogriff.
The hippogriff is severely wounded.
The cyan ugly thing trunk-slaps you. The cyan ugly thing shocks you!
The hippogriff bites you but does no damage.
The hippogriff pecks you but does no damage.
The hippogriff claws you.
You puncture the hippogriff! You freeze the hippogriff.
The hippogriff is almost dead.
The cyan ugly thing trunk-slaps you! The cyan ugly thing shocks you!
The hippogriff bites you. You block the hippogriff's attack. x2
You are too injured to fight recklessly!
You are too injured to fight recklessly!
You are too injured to fight recklessly!
You are too injured to fight recklessly!
You are too injured to fight recklessly!
You are too injured to fight recklessly!
You are too injured to fight recklessly!
You are too injured to fight recklessly!
You are too injured to fight recklessly!
You are too injured to fight recklessly!
You are too injured to fight recklessly!
You are too injured to fight recklessly!
You are too injured to fight recklessly!
You are too injured to fight recklessly!
You are too injured to fight recklessly!
You are too injured to fight recklessly!
You are too injured to fight recklessly!
You are too injured to fight recklessly!
You are too injured to fight recklessly!
You hit the cyan ugly thing. You freeze the cyan ugly thing.
The cyan ugly thing is lightly wounded.
The cyan ugly thing trunk-slaps you but does no damage.
A killer bee comes into view.
You puncture the cyan ugly thing! You freeze the cyan ugly thing.
The cyan ugly thing is lightly wounded.
The cyan ugly thing trunk-slaps you but does no damage.
You closely miss the cyan ugly thing.
The cyan ugly thing is lightly wounded.
A killer bee comes into view.
You block the cyan ugly thing's attack.
The killer bee buzzes angrily.
You puncture the cyan ugly thing! You freeze the cyan ugly thing.
The cyan ugly thing is moderately wounded.
You hear an angry buzzing noise.
You hear a bellow!
The cyan ugly thing trunk-slaps you! The cyan ugly thing shocks you!
* * * LOW HITPOINT WARNING * * *
You hit the cyan ugly thing but do no damage.
The cyan ugly thing is moderately wounded.
A killer bee comes into view.
The cyan ugly thing trunk-slaps you but does no damage.
You feel much better.
The killer bee buzzes angrily.
A killer bee comes into view. x2
The cyan ugly thing trunk-slaps you! The cyan ugly thing shocks you!
* * * LOW HITPOINT WARNING * * *
Unknown command.
You feel much better.
The killer bee buzzes angrily. x2
A killer bee comes into view.
The cyan ugly thing trunk-slaps you. The cyan ugly thing shocks you!
* * * LOW HITPOINT WARNING * * *
Unknown command.
You feel much better.
The killer bee buzzes angrily.
The cyan ugly thing trunk-slaps you. The cyan ugly thing shocks you!
Your magical essence is drained by the effort!
You feel much better. The cyan ugly thing closely misses you.
Your plate armour prevents you from hitting the cyan ugly thing.
The cyan ugly thing is moderately wounded.
The cyan ugly thing trunk-slaps you but does no damage.
You barely miss the cyan ugly thing.
The cyan ugly thing is moderately wounded.
The cyan ugly thing trunk-slaps you. The cyan ugly thing shocks you!
You closely miss the cyan ugly thing.
The cyan ugly thing is moderately wounded.
The cyan ugly thing trunk-slaps you. The cyan ugly thing shocks you!
* * * LOW HITPOINT WARNING * * *
You hit the cyan ugly thing. You freeze the cyan ugly thing.
The cyan ugly thing is moderately wounded.
The cyan ugly thing trunk-slaps you!
* * * LOW HITPOINT WARNING * * *
The cyan ugly thing shocks you!
You die...

, * ,* , ,, **
, * *,, * * ,
* *#, , # #.*
* ...##y# ,
.....yT##### ,
,,.....yHu@..#
,
,,.....yy###.#
, ,.......* ,#
, ,,......),
,* .......* *
, ..=$...* ,
,, .......* *
####### * * ,


You could see a cyan ugly thing, a hippogriff, a troll and 5 killer bees.

Vanquished Creatures
  Maggie (D:6)
  2 hippogriffs (D:9)
  Sigmund (D:2)
  2 wyverns (D:8)
  4 yaks (D:9)
  Menkaure (D:7)
  2 water moccasins (D:7)
  2 orc warriors
  2 black bears
  2 ice beasts
  A sky beast (D:7)
  A phantom (D:8)
  3 ogres
  A centaur (D:9)
  3 big kobolds
  3 bullfrogs
  A gnoll sergeant (D:6)
  4 scorpions
  3 killer bees (D:8)
  10 wights
  2 howler monkeys
  A bullfrog zombie (D:5)
  A centaur zombie (D:7)
  A jelly (D:5)
  2 orc priests
  2 bullfrog skeletons
  8 hounds
  3 iguanas
  8 orc wizards
  4 worker ants
  A killer bee zombie (D:5)
  A howler monkey skeleton (D:9)
  8 adders
  5 gnolls (D:6)
  A shadow imp (D:7)
  2 white imps
  An ufetubus (D:6)
  2 adder skeletons
  An adder zombie (D:5)
  3 worms
  3 leopard geckos
  24 orcs
  A bat zombie (D:1)
  3 giant cockroaches
  4 goblins
  9 hobgoblins
  8 jackals
  2 quokkas
  4 ball pythons (D:3)
  6 bats
  4 frilled lizards
  A jackal skeleton (D:6)
  27 kobolds
  A leopard gecko zombie (D:1)
  A quokka skeleton (D:7)
  5 rats
209 creatures vanquished.

Vanquished Creatures (collateral kills)
  Pikel (D:9)
  A troll (D:9)
  An ice beast (D:9)
  A hound (D:9)
4 creatures vanquished.

Grand Total: 213 creatures vanquished

Notes
Turn   | Place    | Note
-------+----------+-------------------------------------------
     0 | D:1      | Ozzies the Deep Dwarf Fighter began the quest for the Orb.
     0 | D:1      | Reached XP level 1. HP: 20/20 MP: 1/1
   145 | D:1      | Reached skill level 3 in Fighting
   150 | D:1      | Reached XP level 2. HP: 22/28 MP: 2/2
   703 | D:2      | Noticed Sigmund
   767 | D:2      | Reached XP level 3. HP: 32/34 MP: 3/3
  1059 | D:2      | Killed Sigmund
  1059 | D:2      | Reached skill level 5 in Fighting
  1059 | D:2      | Reached XP level 4. HP: 19/46 MP: 4/4
  1059 | D:2      | Reached XP level 5. HP: 21/52 MP: 5/5
  1627 | D:3      | Reached XP level 6. HP: 54/61 MP: 6/6
  1913 | D:3      | Noticed an ice beast
  1935 | D:3      | Killed an ice beast
  2009 | D:3      | Found a shimmering altar of Xom.
  2450 | D:4      | Reached skill level 6 in Fighting
  2797 | D:4      | Reached XP level 7. HP: 41/70 MP: 6/6
  3008 | D:5      | Entered Level 5 of the Dungeon
  3104 | D:5      | Reached skill level 7 in Fighting
  3604 | D:6      | Reached skill level 1 in Maces & Flails
  3628 | D:6      | Found a staircase to the Ecumenical Temple.
  3652 | D:5      | Reached skill level 8 in Fighting
  3652 | D:5      | Reached XP level 8. HP: 76/81 MP: 5/5
  3793 | Temple   | Entered the Ecumenical Temple
  3975 | Temple   | Became a worshipper of Makhleb the Destroyer
  4253 | D:6      | Found Bamaod's Antique Armour Shoppe.
  4354 | D:6      | Reached skill level 5 in Maces & Flails
  4609 | D:6      | Noticed Maggie
  4627 | D:6      | Killed Maggie
  4675 | D:6      | Found Meod's Book Shop.
  4756 | D:7      | Found Huvi's Gadget Shop.
  4820 | D:7      | Gained mutation: You passively map the area around you.
                  | [Deep Dwarf growth]
  4820 | D:7      | Reached XP level 9. HP: 67/88 MP: 5/5
  4943 | D:7      | Reached * piety under Makhleb
  5093 | D:7      | Found an ornate altar of the Wu Jian Council.
  5132 | D:7      | Noticed Menkaure
  5139 | D:7      | Reached skill level 1 in Invocations
  5144 | D:7      | Killed Menkaure
  5460 | D:7      | Reached skill level 1 in Dodging
  5538 | D:8      | Reached skill level 5 in Axes
  5781 | D:8      | Found Rucum's Jewellery Boutique.
  5855 | D:8      | Reached ** piety under Makhleb
  6099 | D:9      | Reached XP level 10. HP: 75/98 MP: 8/8
  6174 | D:9      | Reached skill level 9 in Fighting
  6232 | D:9      | Reached skill level 5 in Armour
  6304 | D:9      | Reached skill level 5 in Shields
  6335 | D:9      | Reached *** piety under Makhleb
  6394 | D:9      | Found Xoontat's General Store.
  6412 | D:9      | Noticed Pikel
  6421 | D:9      | Killed Pikel
  6644 | D:10     | Entered Level 10 of the Dungeon
  6644 | D:10     | Noticed a cyan ugly thing
  6663 | D:10     | Slain by a cyan ugly thing

Illustrated notes

Levels and vault maps discovered:
D:1:      saegor_arrival_fortress, layout_loops_ring
D:2:      layout_basic, fountainhead, minmay_goblin_kobold_house, uniq_sigmund
D:3:      layout_loops_corners, tgw_xom
D:4:      layout_cave_pods, kennysheep_generic_room_14
D:5:      layout_cave_pools
D:6:      layout_loops_ring, minmay_temple_entry_large_hall, serial_shops,
          nicolae_shop_crystal, nicolae_shop_trees, kennysheep_nondescript,
          kennysheep_windowed_goal, uniq_maggie
D:7:      layout_loops_ring, overflow_temple_1_default, serial_shops,
          nicolae_shop_trees, ebering_dispersal_statue_hall, uniq_menkaure
D:8:      layout_rooms, serial_shops, nicolae_shop_stone
D:9:      layout_basic, serial_shops, kennysheep_mini_moat, nrook_loot_triangle,
          uniq_pikel
D:10:     layout_basic, erik_lair_dragon, amethyst_killhole, eino_jars
Temple:   kilobyte_greek_temple

Skill      XL: |  1  2  3  4  5  6  7  8  9 10 |
---------------+-------------------------------+-----
Fighting       | 3 5 6 8 9 |  9.7
Axes           | 4 5 6 |  6.5
Maces & Flails | 1 7 8 |  8.2
Invocations    | 4 |  4.0
Dodging        | 2 4 |  4.0
Shields        | 4 5 |  5.5
Armour         | 4 5 |  5.5

Action                   |  1- 3 |  4- 6 |  7- 9 | 10-12 || total
-------------------------+-------+-------+-------+-------++-------
Melee: War axe           |    14 |       |       |       ||    14
       Dagger            |    72 |   168 |   110 |       ||   350
       Mace              |       |       |   151 |       ||   151
       Spear             |       |       |   268 |   173 ||   441
Invok: Lesser Servant of |       |       |       |     1 ||     1
 Abil: Heal Wounds       |     2 |     3 |    25 |     6 ||    36
  Use: Scroll            |     1 |       |     6 |       ||     7
 Stab: Distracted        |       |       |     1 |       ||     1
Armor: Scale mail        |    34 |    51 |   227 |     6 ||   318
       Plate armour      |       |       |       |    79 ||    79
Dodge: Dodged            |    24 |    52 |   165 |    38 ||   279
Block: Kite shield       |    34 |    77 |   263 |    89 ||   463

Table legend: (Time is in decaauts)
 A = Elapsed time spent in this place.
 B = Non-inter-level travel time spent in this place.
 C = Inter-level travel time spent in this place.
 D = Time resting spent in this place.
 E = Time spent auto-exploring this place.
 F = Levels seen in this place.
 G = Mean time per level.
                   A        B        C        D        E       F      G
               +--------+--------+--------+--------+--------+-----+--------+
         Total |   6794 |   6422 |    372 |     59 |   4607 |  11 |  617.6 |
       Dungeon |   6581 |   6271 |    310 |     59 |   4457 |  10 |  658.1 |
        Temple |    212 |    151 |     61 |      0 |    150 |   1 |  212.0 |
               +--------+--------+--------+--------+--------+-----+--------+

Top non-repeatable levels by time:
     D:6: 983 daAuts
     D:3: 944 daAuts
     D:7: 746 daAuts
     D:4: 708 daAuts
     D:1: 701 daAuts
     D:2: 679 daAuts
     D:5: 627 daAuts
     D:8: 614 daAuts
     D:9: 557 daAuts
  Temple: 212 daAuts
    D:10: 18 daAuts
